 Dungeon Crawl Stone Soup version 0.26-b1-32-g5d43845318 (webtiles) character file.

Game seed: 1691554243318572694

5972 DildoBatman the Artisan of Death (level 11, -5/79 HPs)
             Began as a Formicid Conjurer on Jan 5, 2021.
             Was a Priest of Kikubaaqudgha.
             Slain by a komodo dragon (22 damage)
             ... on level 10 of the Dungeon.
             The game lasted 00:47:16 (11451 turns).

DildoBatman the Artisan of Death (FoCj)            Turns: 11451, Time: 00:47:17

Health: -5/79      AC:  8    Str: 11    XL:     11   Next: 10%
Magic:  15/23      EV: 27    Int: 22    God:    Kikubaaqudgha [***...]
Gold:   709        SH:  0    Dex:  9    Spells: 4/26 levels left

rFire    . . .     SeeInvis +   a - +4 mace (protect)
rCold    . . .     Faith    .   (no shield)
rNeg     + . .     Spirit   .   o - +0 troll leather armour {Purgy}
rPois    .         Reflect  .   (helmet unavailable)
rElec    .         Harm     .   I - +0 cloak
rCorr    .         Rampage  .   d - +0 pair of gloves
Will     +....                  h - +0 pair of boots
Stlth    ++........             N - amulet of the acrobat
HPRegen  0.63/turn              w - ring of positive energy
MPRegen  0.18/turn              (no ring)

@: acrobat
A: permanent stasis, dig shafts and tunnels, four strong arms, antennae 3
a: Dig, Shaft Self, Renounce Religion, Receive Corpses


You were on level 10 of the Dungeon.
You worshipped Kikubaaqudgha.
Kikubaaqudgha was most pleased with you.
You visited 2 branches of the dungeon, and saw 11 of its levels.
You also visited: Sewer.

You collected 709 gold pieces.

Inventory:

Hand Weapons
 a - a +4 mace of protection (weapon)
 b - a +1 vorpal shortbow
 e - a +3 vorpal glaive
Missiles
 c - 354 stones
 k - 102 bolts
 l - 21 poisoned darts
 n - 6 javelins
 p - 88 sling bullets
 s - 87 arrows
 H - 4 silver boomerangs
Armour
 d - a +0 pair of gloves (worn)
 h - a +0 pair of boots (worn)
 o - a +0 troll leather armour (worn) {Purgy}
 I - a +0 cloak (worn)
Jewellery
 w - a ring of positive energy (left hand)
 N - an amulet of the acrobat (around neck)
Wands
 q - a wand of iceblast (5)
Scrolls
 g - a scroll of identify
 r - 2 scrolls of fear
 t - a scroll of random uselessness {unknown}
 u - 2 scrolls of amnesia
 x - 9 scrolls of remove curse
 y - 2 scrolls of immolation {unknown}
 G - a scroll of blinking {unknown}
 L - 2 scrolls of enchant weapon {unknown}
 M - 2 scrolls of magic mapping {unknown}
 O - 5 scrolls of fog
Potions
 f - 4 potions of invisibility {unknown}
 i - 3 potions of degeneration {unknown}
 j - 2 potions of magic {unknown}
 m - 5 potions of heal wounds {unknown}
 v - 6 potions of curing {unknown}
 C - a potion of brilliance {unknown}
 D - a potion of cancellation {unknown}
 E - a potion of resistance {unknown}
 F - 2 potions of lignification {unknown}
 J - a potion of attraction {unknown}
 K - 2 potions of mutation {unknown}


   Skills:
 - Level 5.0 Fighting
 - Level 5.0 Armour
 - Level 3.0 Dodging
 - Level 2.4 Stealth
 - Level 8.0 Spellcasting
 - Level 6.0 Conjurations
 - Level 10.3 Necromancy
 * Level 3.0 Ice Magic


You had 4 spell levels left.
You knew the following spells:

 Your Spells              Type           Power        Failure   Level
a - Searing Ray           Conj           70%          1%          2
b - Dazzling Flash        Conj/Hex       44%          9%          3
c - Magic Dart            Conj           100%         1%          1
d - Vampiric Draining     Necr           26%          1%          3
e - Hailstorm             Conj/Ice       28%          14%         4
f - Ozocubu's Armour      Ice            22%          8%          3
h - Dispel Undead         Necr           52%          1%          4
z - Sublimation of Blood  Necr           26%          1%          2

Your spell library contained the following spells:

 Spells                   Type           Power        Failure   Level
 Pain                     Necr           100%         1%          1
 Corpse Rot               Necr/Air       N/A          1%          2
 Animate Dead             Necr           26%          1%          4
 Freeze                   Ice            88%          2%          1
 Frozen Ramparts          Ice            44%          8%          3
 Fulminant Prism          Conj/Hex       11%          26%         4
 Iskenderun's Mystic Bla  Conj/Tloc      22%          26%         4
 Summon Ice Beast         Ice/Summ       15%          45%         4
 Agony                    Necr           52%          3%          5
 Excruciating Wounds      Necr           26%          3%          5
 Death Channel            Necr           26%          22%         6
 Summon Mana Viper        Hex/Summ       8%           95%         5


Dungeon Overview and Level Annotations

Branches:
Dungeon (10/15)            Temple (1/1) D:6           Sewer (visited)
   Lair: D:8-11         Orc: D:9-12

Altars:
Cheibriados
Dithmenos
Fedhas
Hepliaklqana
Kikubaaqudgha
Makhleb
Nemelex Xobeh
Qazlal
Ru
Sif Muna
Wu Jian
Xom
Yredelemnul
Zin
The Shining One

Annotations:
D:3 Ijyb
D:8 exclusions: angel, 2 sensed monsters (detected) and two-headed ogre
D:10 exclusions: 2 iron imps and two-headed ogre


Innate Abilities, Weirdness & Mutations

You cannot be hasted, slowed, berserked, paralysed or teleported.
You can dig through walls and to a lower floor.
Your four strong arms can wield two-handed weapons with a shield.
You have a pair of large antennae on your head. (SInv)


Message History

The searing ray misses the komodo dragon.
The searing ray hits the iguana.
The iguana is heavily wounded. (Press . to maintain the ray.)
The komodo dragon bites you!!
The searing ray hits the komodo dragon!
The komodo dragon is almost dead.
The searing ray hits the iguana!
You kill the iguana!
Kikubaaqudgha accepts your kill. The komodo dragon bites you!!
The searing ray hits the komodo dragon!
The komodo dragon is almost dead.
The komodo dragon closely misses you.
The searing ray hits the komodo dragon but does no damage.
The komodo dragon is almost dead.
You finish channeling your searing ray.
The komodo dragon bites you!!
You die...
Kikubaaqudgha rasps: "You have failed me!
Welcome... death!"

#.#
##..#####..###
#.... ##.# ####
##...###...#
#..#
##.....##...#
#..#
##...........#
#.##
#............#
#..#
##.........{.#
##..#
####........#
#...# ###
######...# ##.##
#@## ##..# #..#
##l## #... #..#
##†######## ##..
#.##
##....l..####..#
###.##
##..........#..#
.....##
#.............##
......##
#............?.#
.......##
#...............
.....#..##
#............##.


You could see a komodo dragon.

Vanquished Creatures
  Maggie (D:8)
  2 centaur skeletons
  A kobold demonologist (D:7)
  2 trolls
  Grinder (D:4)
  A wyvern (D:9)
  A water moccasin (D:5)
  A black bear (D:7)
  An ice beast (D:6)
  4 orc warriors
  5 sky beasts
  A phantom (D:9)
  Purgy (Sewer)
  3 ogres
  3 centaurs
  5 bullfrogs
  8 scorpions
  A water moccasin skeleton (D:7)
  3 wights (D:10)
  2 howler monkeys
  An electric eel (D:6)
  The ghost of grovkorv the Skirmisher, a weakling DEFi (D:3)
  A jelly (D:7)
  3 centaur zombies
  6 orc priests
  7 hounds
  2 bullfrog skeletons
  3 iguanas
  Natasha (thrice) (D:3)
  8 orc wizards
  6 worker ants
  A hound zombie (D:7)
  A hound skeleton (D:5)
  A worker ant zombie (D:6)
  Robin (D:2)
  A howler monkey skeleton (D:5)
  8 adders
  3 shadow imps
  5 white imps
  2 ufetubi (D:7)
  An ooze (D:2)
  An adder skeleton (D:6)
  5 worms
  3 dart slugs
  10 leopard geckos
  29 orcs
  6 bats
  8 giant cockroaches
  16 goblins
  9 hobgoblins
  14 jackals
  17 kobolds
  3 quokkas
  A ball python (D:4)
  3 frilled lizards
  A jackal zombie (D:6)
  A quokka skeleton (D:5)
  A quokka zombie (D:5)
  13 rats
253 creatures vanquished.

Vanquished Creatures (others)
  30 plants
  A withered plant (D:6)
31 creatures vanquished.

Grand Total: 284 creatures vanquished

Notes
Turn   | Place    | Note
-------+----------+-------------------------------------------
     0 | D:1      | DildoBatman the Formicid Conjurer began the quest for the
                  | Orb.
     0 | D:1      | Reached XP level 1. HP: 13/13 MP: 3/3
   176 | D:1      | Reached XP level 2. HP: 19/19 MP: 0/5
   285 | D:1      | Learned a level 2 spell: Searing Ray
   547 | D:1      | Reached XP level 3. HP: 24/24 MP: 0/6
  1195 | D:2      | Learned a level 3 spell: Dazzling Flash
  1254 | D:2      | Found a glowing golden altar of the Shining One.
  1348 | D:2      | Reached XP level 4. HP: 30/30 MP: 4/8
  2006 | D:3      | Noticed Natasha
  2013 | D:2      | Reached skill level 5 in Conjurations
  2013 | D:2      | Reached XP level 5. HP: 32/35 MP: 3/9
  2470 | D:3      | Reached XP level 6. HP: 37/42 MP: 3/10
  2621 | D:3      | Noticed Ijyb
  2660 | D:3      | Reached skill level 1 in Armour
  2732 | D:3      | Reached skill level 1 in Fighting
  3124 | D:3      | Found a runed translucent gate.
  3124 | D:3      | Found a runed translucent gate.
  3124 | D:3      | Found a runed translucent gate.
  3124 | D:3      | Noticed grovkorv's ghost (weakling DEFi)
  3462 | D:4      | Noticed Grinder
  3714 | D:4      | Reached XP level 7. HP: 49/49 MP: 4/12
  3895 | D:4      | Found a glowing drain.
  3944 | Sewer    | Entered a sewer
  4065 | Sewer    | Noticed Purgy
  4116 | Sewer    | Killed Purgy
  4839 | D:4      | Reached skill level 5 in Spellcasting
  5182 | D:4      | Found a burning altar of Makhleb.
  5184 | D:4      | Found a hazy altar of Hepliaklqana.
  5185 | D:4      | Found a shimmering blue altar of Sif Muna.
  5510 | D:5      | Entered Level 5 of the Dungeon
  5811 | D:5      | Reached XP level 8. HP: 52/56 MP: 10/17
  5996 | D:5      | Found a sparkling altar of Nemelex Xobeh.
  6658 | D:6      | Found an ancient bone altar of Kikubaaqudgha.
  6683 | D:6      | Became a worshipper of Kikubaaqudgha
  6842 | D:3      | Killed Natasha
  6920 | D:2      | Noticed Robin
  6928 | D:2      | Killed Robin
  7062 | D:3      | Noticed Natasha
  7067 | D:3      | Killed Natasha
  7079 | D:3      | Killed grovkorv's ghost
  7136 | D:3      | Noticed Natasha
  7144 | D:3      | Killed Natasha
  7395 | D:4      | Killed Grinder
  7396 | D:4      | Reached skill level 5 in Fighting
  7396 | D:4      | Reached skill level 5 in Armour
  7396 | D:4      | Reached skill level 1 in Necromancy
  7396 | D:4      | Reached XP level 9. HP: 68/68 MP: 8/19
  7423 | D:4      | Reached skill level 2 in Necromancy
  7567 | D:6      | Found a blossoming altar of Fedhas.
  7584 | D:6      | Reached * piety under Kikubaaqudgha
  7584 | D:6      | Identified Kikubaaqudgha's Collected Works on Necromancy
                  | (Kikubaaqudgha gifted it to you on level 6 of the Dungeon)
  7584 | D:6      | Received a gift from Kikubaaqudgha
  7586 | D:6      | Reached skill level 3 in Necromancy
  7590 | D:6      | Learned a level 2 spell: Sublimation of Blood
  7594 | D:6      | Learned a level 3 spell: Vampiric Draining
  7694 | D:6      | Reached skill level 4 in Necromancy
  7870 | D:6      | Reached skill level 5 in Necromancy
  8155 | D:6      | Found a staircase to the Ecumenical Temple.
  8167 | Temple   | Entered the Ecumenical Temple
  8176 | D:6      | Found an ornate altar of the Wu Jian Council.
  8200 | D:6      | Found a snail-covered altar of Cheibriados.
  8289 | D:7      | Reached skill level 6 in Necromancy
  8423 | D:7      | Reached skill level 7 in Necromancy
  8423 | D:7      | Reached XP level 10. HP: 74/74 MP: 10/20
  8508 | D:7      | Reached ** piety under Kikubaaqudgha
  8656 | D:7      | Noticed a kobold demonologist
  8666 | D:7      | Killed a kobold demonologist
  8667 | D:7      | Reached skill level 8 in Necromancy
  8729 | D:7      | Identified the Almanac of the Lost Things
  9175 | D:8      | Reached skill level 9 in Necromancy
  9217 | D:8      | Found a shimmering altar of Xom.
  9220 | D:8      | Noticed an angel
  9259 | D:8      | Found a glowing silver altar of Zin.
  9375 | D:8      | Found a shadowy altar of Dithmenos.
  9547 | D:8      | Noticed a two-headed ogre
  9722 | D:8      | Found a sacrificial altar of Ru.
 10080 | D:9      | Noticed Maggie
 10100 | D:8      | Killed Maggie
 10380 | D:9      | Found a stormy altar of Qazlal.
 10556 | D:9      | Found a basalt altar of Yredelemnul.
 10564 | D:9      | Reached *** piety under Kikubaaqudgha
 10564 | D:9      | Identified Kikubaaqudgha's Almanac of Necromancy
                  | (Kikubaaqudgha gifted it to you on level 9 of the Dungeon)
 10564 | D:9      | Received a gift from Kikubaaqudgha
 10571 | D:9      | Learned a level 4 spell: Dispel Undead
 10583 | D:9      | Learned a level 5 spell: Agony
 10752 | D:10     | Entered Level 10 of the Dungeon
 10753 | D:10     | Noticed a two-headed ogre
 10800 | D:10     | Reached skill level 10 in Necromancy
 10891 | D:10     | Noticed an orc knight
 10891 | D:10     | Noticed an efreet
 10979 | D:10     | Reached XP level 11. HP: 76/79 MP: 11/23
 11035 | D:10     | Learned a level 3 spell: Ozocubu's Armour
 11061 | D:10     | Reached skill level 1 in Ice Magic
 11152 | D:10     | Learned a level 4 spell: Hailstorm
 11181 | D:10     | Noticed a hell beast
 11451 | D:10     | Slain by a komodo dragon

Illustrated notes

Levels and vault maps discovered:
D:1:      dpeg_arrival_concentric_ovals, layout_basic, serial_curves,
          eino_curves_03, eino_curves_04, minmay_vboxes
D:2:      layout_rooms, lemuel_crystal_altar, roderic_lattice_a,
          serial_bayou_ford_a, uniq_robin
D:3:      layout_loops_ring, ebering_ghost_rock_garden, uniq_natasha, uniq_ijyb
D:4:      layout_loops_corners, gammafunk_temple_overflow_forgotten,
          portal_sewer_entry_e, uniq_grinder
D:5:      layout_loops_ring, nemelex_xobeh_ov_fountains_minmay
D:6:      layout_basic, grunt_temple_overflow_growth_and_decay, minitemple,
          minmay_temple_entry_offerings, nicolae_water_bricks
D:7:      minmay_opposing_rooms, layout_loops_corners
D:8:      layout_basic, grunt_temple_overflow_order_and_chaos_1,
          grunt_dithmenos_smoke, old_standard_altar, special_room
          [special_room_orc]
D:9:      layout_cave_pools, marbit_many_paths, old_standard_altar, uniq_maggie
D:10:     minmay_shrinking_squares, layout_cave_pods, david_lair_shrubbed,
          lemuel_hellish_altar
Temple:   corrupted_temple

Skill      XL: |  1  2  3  4  5  6  7  8  9 10 11 |
---------------+----------------------------------+-----
Conjurations   | 4 5 6 |  6.0
Spellcasting   | 3 6 7 8 |  8.0
Armour         | 2 5 |  5.0
Fighting       | 1 2 5 |  5.0
Necromancy     | 1 7 10 | 10.3
Dodging        | 3 |  3.0
Ice Magic      | 3 |  3.0
Stealth        | |  2.4

Action                   |  1- 3 |  4- 6 |  7- 9 | 10-12 || total
-------------------------+-------+-------+-------+-------++-------
Melee: Unarmed           |     7 |       |       |       ||     7
       Short sword       |    11 |       |       |       ||    11
       Mace              |     7 |       |   102 |    71 ||   180
 Fire: Hunting sling     |       |     6 |       |       ||     6
       Shortbow          |       |       |       |    21 ||    21
 Cast: Magic Dart        |    56 |    63 |    26 |    15 ||   160
       Searing Ray       |     1 |    19 |    65 |    58 ||   143
       Dazzling Flash    |       |       |     1 |       ||     1
       Sublimation of Bl |       |       |       |     1 ||     1
       Dispel Undead     |       |       |       |     1 ||     1
 Abil: Dig               |     2 |     2 |    20 |     2 ||    26
  Use: Scroll            |       |     3 |     3 |     3 ||     9
Armor: Robe              |     3 |     3 |     4 |       ||    10
       Troll leather arm |       |       |    77 |    53 ||   130
Dodge: Dodged            |    21 |    14 |    88 |   131 ||   254
